 Dungeon Crawl Stone Soup version 0.18-a0-844-g9229740 (webtiles) character file.

135 deanyohobro the Shield-Bearer (level 4, -1/39 HPs)
             Began as a Minotaur Fighter on Dec 18, 2015.
             Killed from afar by Sigmund (5 damage)
             ... with a magic dart
             ... on level 2 of the Dungeon.
             The game lasted 00:03:37 (1776 turns).

deanyohobro the Shield-Bearer (Minotaur Fighter)    Turns: 1776, Time: 00:03:38

Health: -1/39      AC:  6    Str: 21    XL:     4   Next: 96%
Magic:  3/3        EV:  7    Int: 10    God:
Gold:   138        SH: 10    Dex: 10    Spells: 0 memorised, 3 levels left

rFire  . . .     SeeInvis .     a - +0 long sword
rCold  . . .     Gourm    .     b - +0 scale mail
rNeg   . . .     Faith    .     c - +0 shield
rPois  .         Spirit   .     (helmet restricted)
rElec  .         Dismiss  .     (no cloak)
rCorr  .         Reflect  .     (no gloves)
SustAt .         Harm     .     (no boots)
MR     .....                    (no amulet)
Stlth  ..........               (no ring)
                                (no ring)

@: brilliant, flying, not resistant to hostile enchantments, extremely
unstealthy
A: retaliatory headbutt, horns 2
a: no special abilities


You were on level 2 of the Dungeon.
You were not hungry.

You visited 1 branch of the dungeon, and saw 2 of its levels.

You collected 138 gold pieces.

Inventory:

Hand Weapons
 a - a +0 long sword (weapon)
Armour
 b - a +0 scale mail (worn)
 c - a +0 shield (worn)
Scrolls
 e - 2 scrolls of remove curse {unknown}
 i - 2 scrolls of enchant armour {unknown}
 j - 3 scrolls of identify {unknown}
 m - a scroll of teleportation {unknown}
 p - a scroll of magic mapping {unknown}
 s - a scroll of enchant weapon {unknown}
Potions
 d - 2 potions of might
 n - a potion of cure mutation {unknown}
 o - a potion of haste {unknown}
Comestibles
 f - 2 bread rations
 g - 2 meat rations
 q - a fruit
 r - 4 chunks of flesh


   Skills:
 - Level 3.6 Fighting
 + Level 4.7 Long Blades
 - Level 3.6 Armour
 + Level 5.4 Shields


You had 3 spell levels left.
You didn't know any spells.

Dungeon Overview and Level Annotations

Branches:
Dungeon (2/15)

Altars:
Dithmenos

Annotations:
D:2 Sigmund


Innate Abilities, Weirdness & Mutations

You reflexively headbutt those who attack you in melee.
You have a pair of horns on your head.


Message History

You hit something. You headbutt something. Something hits you.
You hit something. You headbutt something. You hit something but do no damage.
You hear some strange, mumbled words.
You are confused.
You hear some strange, mumbled words.
A magic dart appears from out of thin air!
The magic dart hits you!
* * * LOW HITPOINT WARNING * * *
You bump into the rock wall.
Something hits you but does no damage.
You closely miss something. You headbutt something! You closely miss something.
Something hits you.
* * * LOW HITPOINT WARNING * * *
You closely miss something. Something hits you but does no damage.
You closely miss something.
You feel less confused.
You hear some strange, mumbled words.
A magic dart appears from out of thin air!
The magic dart hits you!
You die...

#.##### #..#_#....
##.....#####...#..#.#
..##..............# .
#.##...........##...
#.##...........# ##..
...............# .#
#.##...........###
#.##.............#
..##.#.##..#####@#
### #.##..#####.#
#........##.#####..
#.####..##.##........
#.......##.##.#.###+#
## #######..%....#.#
.# ####......# .#
####.#.+ .# #.#.#


There were no monsters in sight!

Vanquished Creatures
  Natasha (thrice) (D:2)
  4 adders (D:2)
  3 worms (D:2)
  A giant gecko (D:2)
  4 giant cockroaches
  9 goblins
  6 hobgoblins
  4 jackals (D:2)
  2 quokkas (D:2)
  2 ball pythons (D:1)
  8 bats
  A giant newt (D:2)
  3 kobolds
  6 rats
56 creatures vanquished.

Notes
Turn   | Place    | Note
--------------------------------------------------------------
     0 | D:1      | deanyohobro the Minotaur Fighter began the quest for the Orb.
     0 | D:1      | Reached XP level 1. HP: 19/19 MP: 0/0
    27 | D:1      | Reached skill level 4 in Shields
   143 | D:1      | Reached XP level 2. HP: 24/26 MP: 1/1
   779 | D:2      | Reached XP level 3. HP: 20/31 MP: 2/2
  1294 | D:2      | Reached skill level 5 in Shields
  1315 | D:2      | Noticed Natasha
  1328 | D:2      | Reached XP level 4. HP: 28/39 MP: 3/3
  1337 | D:2      | Killed Natasha
  1517 | D:2      | Noticed Natasha
  1521 | D:2      | Killed Natasha
  1523 | D:2      | Found a shadowy altar of Dithmenos.
  1613 | D:2      | Noticed Natasha
  1619 | D:2      | Killed Natasha
  1705 | D:2      | Found a faded altar to an unknown god.
  1741 | D:2      | Noticed Sigmund
  1755 | D:2      | HP: 1/39 [something (4)]
  1776 | D:2      | Killed from afar by Sigmund

Vault maps used:
D:1:      lightli_arrival_chessboard, corexii_leaking_fountain, st_stairs_7,
          monster_avoids_cloud
D:2:      lemuel_doored_altar, nicolae_overflow_crystal_walls,
          ecumenical_altar_1, uniq_robin, uniq_natasha, uniq_jessica,
          uniq_sigmund

Action                   |  1- 3 |  4- 6 || total
-------------------------+-------+-------++-------
Melee: Long sword        |   103 |    44 ||   147
  Use: Potion            |       |     3 ||     3
  Eat: Chunk             |     1 |     2 ||     3
